 Dungeon Crawl Stone Soup version 0.29.1-12-g30fa7ad0bf (webtiles) character file.

Game seed: 15279345412073565399

8 Peloso the Trooper (level 2, 27/27 HPs)
             Began as a Minotaur Fighter on Dec 24, 2022.
             Got out of the dungeon alive.
             The game lasted 00:01:13 (432 turns).

Peloso the Trooper (Minotaur Fighter)                Turns: 432, Time: 00:01:14

Health: 27/27      AC:  9    Str: 17 (18) XL:     2   Next: 0%
Magic:  1/1        EV:  9    Int:  4 (5)  God:
Gold:   0          SH:  4    Dex:  7 (9)  Spells: 1/1 levels left

rFire   . . .      SeeInvis .   a - +0 long sword
rCold   . . .      Faith    .   c - +0 buckler
rNeg    . . .      Spirit   .   b - +0 scale mail
rPois   .          Reflect  .   (helmet unavailable)
rElec   .          Harm     .   (no cloak)
rCorr   .          Rampage  .   (no gloves)
Will    .....                   (no boots)
Stlth   ..........              (no amulet)
HPRegen 0.09/turn               (no ring)
MPRegen 0.07/turn               (no ring)

@: no status effects
A: horns 3, retaliatory headbutt, iridescent scales 1, weak 1, no potion heal 1
a: no special abilities


You escaped.
You visited 1 branch of the dungeon, and saw 1 of its levels.

Inventory:

Hand Weapons
 a - a +0 long sword (weapon)
Armour
 b - a +0 scale mail (worn)
 c - a +0 buckler (worn)
Potions
 d - a potion of might


   Skills:
 + Level 3.9 Fighting
 + Level 2.5 Long Blades
 + Level 3.8 Armour
 + Level 3.9 Shields


You had one spell level left.
You didn't know any spells.
Your spell library was empty.

Dungeon Overview and Level Annotations

Branches:
Dungeon (1/15)

Altars:


Innate Abilities, Weirdness & Mutations

You have a pair of large horns on your head.
You reflexively headbutt those who attack you in melee.
You are partially covered in iridescent scales. (AC +2)
You are weak. (Str -2)
Potions are less effective at restoring your health.


Message History

The goblin hits you with a +0 dagger.
You closely miss the goblin. You headbutt the goblin.
You kill the goblin!
Things that are here:
a +0 dagger; a goblin corpse
e - a lumpy puce potion
Things that are here:
a +0 dagger; a goblin corpse
Found a stone staircase leading down.
A rat comes into view.
Found 2 throwing nets.
A rat is nearby!
You hit the rat.
You kill the rat!
You have reached level 2!
It was a potion of mutation.
You feel extremely strange.
Iridescent scales grow over part of your body.
You feel weaker.
Your system partially rejects the healing effects of potions.
The horns on your head grow some more.
(D) Dungeon
Where to? (? - help)
What level of the Dungeon? (default 1, ? - help)
Things that are here:
a +0 dagger; a goblin corpse
There is a stone staircase leading down here.
Found an escape hatch in the floor.
There is a staircase leading out of the dungeon here.
A hobgoblin comes into view.
The hobgoblin shouts!
A rat comes into view.
There is a staircase leading out of the dungeon here.
Are you sure you want to leave the Dungeon?
This will make you lose the game!
Alright, then stay!
Unknown command.
Unknown command.
You can't go down here!
There is a staircase leading out of the dungeon here.
Are you sure you want to leave the Dungeon?
This will make you lose the game!
You have escaped!

###.## #.....##.###
.....# #.#.##.....#
###..# ########.###
#..###### #.##
#.......# ##.#
####.##########.##
######.##..#.#.###.#
........>.#.#.#.#.##
######.#########@######
#.# ##g#.#.#.#### #.#
#.###.#.#...# #.#
##.########.# ... #.##
#.######## #.. ##.#
##.##...... ##.
#.########........#
##..>.......###.##.##
#...........# #......


You could see a hobgoblin.

Vanquished Creatures
  A ball python (D:1)
  An endoplasm (D:1)
  A goblin (D:1)
  A hobgoblin (D:1)
  A kobold (D:1)
  2 rats (D:1)
7 creatures vanquished.

Notes
Turn   | Place    | Note
-------+----------+-------------------------------------------
     0 | D:1      | Peloso the Minotaur Fighter began the quest for the Orb.
     0 | D:1      | Reached XP level 1. HP: 19/19 MP: 0/0
   187 | D:1      | Found a faded altar of an unknown god.
   365 | D:1      | Reached XP level 2. HP: 27/27 MP: 1/1
   365 | D:1      | Gained mutation: You are partially covered in iridescent
                  | scales. (AC +2) [potion of mutation]
   365 | D:1      | Gained mutation: You are weak. (Str -2) [potion of
                  | mutation]
   365 | D:1      | Gained mutation: Potions are less effective at restoring
                  | your health. [potion of mutation]
   365 | D:1      | Gained mutation: You have a pair of large horns on your
                  | head. [potion of mutation]
   432 | D:$      | Got out of the dungeon alive.

Illustrated notes

Levels and vault maps discovered:
D:1:      reono_arrival_mine, layout_loops_ring, nicolae_ecumenical_lake_church,
          minmay_split_cup_large

Action                   || total
-------------------------++-------
Melee: Long sword        ||    19
       Headbutt          ||     3
  Use: Potion            ||     2
Armor: Scale mail        ||     7
Dodge: Dodged            ||    12
Block: Buckler           ||     5
